Mourne, chaotic male human Priest ----- |..<| |...| |...| |...| |...| --|-- ## # ## -----.- %.@...| ..@...| |%....| |..)..| |.>...| ------- Mourne the Acolyte Experience level: 4 Strength: 9 Dexterity: 14 Constitution: 11 Intelligence: 11 Wisdom: 18 Charisma: 11 Health: 0(37) Energy: 65(66) Def: 3 Gold: 349 Moves: 1199 Dungeon seed: PdHe8SSzHdzuzBgs Game ID: Mourne_1520765616 Your Inventory: Coins $ - 349 gold pieces Amulets m - an uncursed amulet of reflection (being worn) Weapons a - a blessed +1 mace (weapon in hand) Armor e - an uncursed +0 robe (being worn) n - an uncursed +0 small shield (being worn) q - an uncursed +0 orcish helm Comestibles c - an uncursed clove of garlic d - an uncursed sprig of wolfsbane k - an uncursed egg t - an uncursed tin of spinach v - 2 uncursed fortune cookies x - an uncursed tin of shrieker Scrolls p - an uncursed scroll of gold detection s - an uncursed scroll of teleportation u - an uncursed scroll of confuse monster y - an uncursed scroll of fire Spellbooks g - a blessed spellbook of clairvoyance Potions b - 3 potions of holy water i - an uncursed potion of booze l - a blessed potion of hallucination o - a cursed potion of gain level w - a cursed potion of healing Tools h - an uncursed oil lamp (0:1384) Spells and supernatural/magical abilities: Name Level Category Fail Memory z - sleep 1 enchantment 0% 100% I - identify 2 divination 32% 100% W - pray for help -- divine ? -- X - turn undead -- divine ? -- Your skills at the end: Fighting Skills wands [Basic] Weapon Skills mace [Basic] Spellcasting Skills clerical spells [Basic] Final Attributes: You had reflection. You are dead. Vanquished creatures: a rock mole a little dog 3 acid blobs 3 giant rats 2 brown molds a yellow mold 2 geckos 5 jackals a fox 3 goblins 6 grid bugs a bat a lichen 3 newts 33 creatures vanquished. Voluntary challenges: You were an atheist. You used a wielded weapon 35 times, starting on turn 3. You read items or engraved 7 times, starting on turn 688. You never genocided any monsters. You never polymorphed an object. You never changed form. You used no wishes. You never split a pudding. You never wrote Elbereth's name. You never violated your personal moral code. Dungeon overview: The Dungeons of Doom: levels 1 to 6 Level 1 a sink a long staircase Level 2 Level 3 a fountain Level 4 an altar to Quetzalcoatl Level 5 Level 6 <- You were here History has recorded: On T:1 you entered the Dungeons of Doom to retrieve the Amulet of Yendor! On T:266 you reached level 2 of The Dungeons of Doom. On T:341 you advanced to experience level 2. On T:489 you reached level 3 of The Dungeons of Doom. On T:606 you advanced to experience level 3. On T:704 you reached level 4 of The Dungeons of Doom. On T:919 you advanced to experience level 4. On T:975 you reached level 5 of The Dungeons of Doom. On T:1167 you reached level 6 of The Dungeons of Doom. Score breakdown: Gold: 349 ( 8654 points) Experience: 4 levels ( 9649 points) Exploration: 6 levels ( 13.04%) (10000 points) Discoveries: 14 items ( 4.67%) ( 6480 points) Valuables value: (no points given unless you survive) Artifact value: 0 ( 0 points) Variety of kills: 14 monsters ( 3.68%) ( 5758 points) Turncount: 1199 turns ( 0 points) Survival: died (score multiplied by 80%) Total score: 32432 Latest messages: The sleep ray hits you! But the sleep ray reflects from your amulet! You see here 3 uncursed darts. The rock mole misses Mourne. Mourne swings his mace at the rock mole. Mourne misses the rock mole. The rock mole misses Mourne. Mourne swings his mace at the rock mole. Mourne misses the rock mole. Mourne swings his mace at the rock mole. Mourne hits the rock mole. The rock mole misses Mourne. Mourne swings his mace at the rock mole. Mourne hits the rock mole. The rock mole is killed! Mourne swings his mace at you. Mourne hits! Mourne swings his mace at you. Mourne hits! Mourne swings his mace at you. Mourne hits! You die... Final status: Goodbye Mourne the Priest, killed by a priest called "Mourne"... You died in The Dungeons of Doom on dungeon level 6 with 32432 points, and 349 pieces of gold, after 1199 moves. You were level 4 with a maximum of 37 hit points when you died.